 Dungeon Crawl Stone Soup version 0.18-a0-1312-gf98331d (webtiles) character file.

322 FrancescoMac the Skirmisher (level 6, 0/49 HPs)
             Began as a Merfolk Fighter on Feb 14, 2016.
             Slain by a slave (1 damage)
             ... led by Pikel
             ... on level 4 of the Dungeon.
             The game lasted 00:15:49 (3434 turns).

FrancescoMac the Skirmisher (Merfolk Fighter)       Turns: 3434, Time: 00:15:50

Health: 0/49       AC: 12    Str: 18    XL:     6   Next: 47%
Magic:  6/6        EV:  5    Int: 10    God:
Gold:   167        SH:  9    Dex: 13    Spells: 0 memorised, 5 levels left

rFire  . . .     SeeInvis .     a - +0 long sword
rCold  . . .     Gourm    .     n - +1 chain mail
rNeg   . . .     Faith    +     c - +0 shield
rPois  .         Spirit   .     s - +1 hat
rElec  .         Dismiss  .     (no cloak)
rCorr  .         Reflect  .     (no gloves)
SustAt .         Harm     .     r - +0 pair of boots
MR     .....                    q - amulet of faith
Stlth  ..........               (no ring)
                                l - +2 ring of intelligence

@: not resistant to hostile enchantments, extremely unstealthy
A: change form in water, swift swim
a: no special abilities


You were on level 4 of the Dungeon.
You were not hungry.

You visited 1 branch of the dungeon, and saw 4 of its levels.

You collected 167 gold pieces.

Inventory:

Hand Weapons
 a - a +0 long sword (weapon)
Missiles
 h - 18 bolts
 i - 155 stones (quivered)
 v - 12 tomahawks
Armour
 b - a +0 scale mail
 c - a +0 shield (worn)
 n - a +1 chain mail (worn)
 r - a +0 pair of boots (worn)
 s - a +1 hat (worn)
Jewellery
 l - a +2 ring of intelligence (left hand)
 q - an amulet of faith (around neck)
 y - a +4 amulet of reflection {unknown}
Wands
 e - a wand of flame (29/48)
Scrolls
 g - a scroll of recharging {unknown}
 k - a scroll of remove curse {unknown}
 p - a scroll of amnesia {unknown}
 u - a scroll of blinking {unknown}
Potions
 d - 2 potions of might
 m - a potion of brilliance {unknown}
 o - 2 potions of curing
Comestibles
 f - 3 bread rations
 j - 2 meat rations
 w - 3 chunks of flesh
 x - a slice of pizza
 z - a beef jerky


   Skills:
 + Level 4.5 Fighting
 + Level 3.7 Long Blades
 + Level 2.1 Throwing
 + Level 3.1 Armour
 - Level 0.3 Dodging
 + Level 4.2 Shields


You had 5 spell levels left.
You didn't know any spells.

Dungeon Overview and Level Annotations

Branches:
Dungeon (4/15)
 Temple: D:4-7

Altars:
Kikubaaqudgha
Okawaru
Ru
Trog
Vehumet

Annotations:
D:4 Pikel


Message History

You block Pikel's attack. The slave hits you.
* * * LOW HITPOINT WARNING * * *
You closely miss Pikel.
The adder skeleton bites you but does no damage.
The slave hits you but does no damage. You block Pikel's attack.
The slave barely misses you.
The adder skeleton bites you but does no damage.
You hit Pikel but do no damage. The slave hits you.
* * * LOW HITPOINT WARNING * * *
Pikel barely misses you. You block the slave's attack.
The adder skeleton bites you.
* * * LOW HITPOINT WARNING * * *
You block the slave's attack.
You miss Pikel. Pikel hits you with a whip of freezing.
* * * LOW HITPOINT WARNING * * *
Pikel freezes you.
* * * LOW HITPOINT WARNING * * *
The slave hits you but does no damage. You block the adder skeleton's attack.
The slave hits you.
You die...

# . #. #.
#.###
.####..p##
.....ppKp##
#@Z.#
##..#######
#.<.....Z#
#....###..
#.....#
#.......
..........
.#........#
###........


You could see Pikel, 4 slaves and an adder skeleton.

Vanquished Creatures
  A centaur (D:3)
  3 orc priests (D:3)
  An orc wizard (D:3)
  3 adders (D:2)
  An ooze (D:1)
  2 worms (D:2)
  4 giant geckos
  9 orcs (D:3)
  A ball python (D:2)
  4 giant cockroaches
  5 goblins
  6 hobgoblins
  6 jackals (D:1)
  10 kobolds
  3 quokkas (D:3)
  8 bats
  6 giant newts
  10 rats
83 creatures vanquished.

Notes
Turn   | Place    | Note
--------------------------------------------------------------
     0 | D:1      | FrancescoMac the Merfolk Fighter began the quest for the Orb.
     0 | D:1      | Reached XP level 1. HP: 18/18 MP: 1/1
   154 | D:1      | Reached XP level 2. HP: 24/24 MP: 2/2
   810 | D:1      | Reached XP level 3. HP: 30/30 MP: 3/3
  1156 | D:2      | Reached skill level 4 in Fighting
  1216 | D:2      | Reached XP level 4. HP: 20/37 MP: 4/4
  1620 | D:2      | Found a radiant altar of Vehumet.
  2293 | D:2      | Found a bloodstained altar of Trog.
  2294 | D:2      | Found a sacrificial altar of Ru.
  2465 | D:3      | Reached skill level 1 in Throwing
  2465 | D:3      | Reached XP level 5. HP: 37/42 MP: 5/5
  2526 | D:3      | Noticed a centaur
  2546 | D:3      | Killed a centaur
  2546 | D:3      | Reached XP level 6. HP: 5/49 MP: 6/6
  3235 | D:3      | Found an iron altar of Okawaru.
  3236 | D:3      | Found an ancient bone altar of Kikubaaqudgha.
  3414 | D:4      | Noticed a slave
  3416 | D:4      | Noticed a slave
  3417 | D:4      | Noticed a slave
  3418 | D:4      | Noticed Pikel
  3418 | D:4      | Noticed a slave
  3434 | D:4      | HP: 1/49 [Pikel/whip of freezing (3)]
  3434 | D:4      | Slain by a slave

Vault maps used:
D:1:      lightli_arrival_maybe_door_vault
D:2:      marbit_many_paths, nicolae_overflow_hidden_temple, first_bread,
          minmay_liquid_box
D:3:      gammafunk_temple_overflow_pools, small_statue_alley_b
D:4:      grunt_temple_overflow_open, portal_sewer_entry_e,
          kennysheep_big_empty_room, uniq_eustachio, uniq_pikel

Action                   |  1- 3 |  4- 6 || total
-------------------------+-------+-------++-------
Melee: Long sword        |   149 |   189 ||   338
Throw: Stone             |    36 |    53 ||    89
  Use: Scroll            |       |     3 ||     3
  Eat: Chunk             |     1 |     3 ||     4
       Bread ration      |       |     1 ||     1
